 Dungeon Crawl Stone Soup version 0.28-a0-46-g7b1be97da7 (webtiles) character file.

Game seed: 6489299590457545526

201 KristoblXynda the Charlatan (level 5, -4/45 HPs)
             Began as a Draconian Artificer on July 29, 2021.
             Shot with an arrow by something (11 damage)
             ... on level 3 of the Dungeon.
             The game lasted 00:05:18 (3382 turns).

KristoblXynda the Charlatan (Draconian Artificer)   Turns: 3382, Time: 00:05:19

Health: -4/45      AC:  6    Str: 15    XL:     5   Next: 50%
Magic:  5/5        EV: 13    Int: 11    God:
Gold:   165        SH:  0    Dex: 12    Spells: 4/4 levels left

rFire   . . .      SeeInvis .   k - +0 short sword (speed)
rCold   . . .      Faith    .   (no shield)
rNeg    . . .      Spirit   .   (armour unavailable)
rPois   +          Reflect  .   (helmet restricted)
rElec   .          Harm     .   a - +0 cloak
rCorr   .          Rampage  .   (no gloves)
Will    .....                   (no boots)
Stlth   +.........              (no amulet)
HPRegen 0.15/turn               g - ring of poison resistance
MPRegen 0.09/turn               (no ring)

@: no status effects
A: AC +5, unfitting armour, cold-blooded
a: no special abilities


You were on level 3 of the Dungeon.
You visited 1 branch of the dungeon, and saw 3 of its levels.

You collected 165 gold pieces.

Inventory:

Hand Weapons
 k - a +0 short sword of speed (weapon)
Armour
 a - a +0 cloak (worn)
Jewellery
 g - a ring of poison resistance (left hand)
Wands
 b - a wand of flame (10) (quivered)
 c - a wand of charming (15)
Scrolls
 f - a scroll of noise
 i - a scroll of blinking
Miscellaneous
 d - a piece from Xom's chessboard (12/15)


   Skills:
 + Level 3.5 Fighting
 + Level 3.5 Dodging
 - Level 0.8 Stealth
 + Level 4.3 Evocations


You had 4 spell levels left.
You didn't know any spells.
Your spell library was empty.

Dungeon Overview and Level Annotations

Branches:
Dungeon (3/15)

Altars:
Kikubaaqudgha
Makhleb

Shops:
D:2 (


Innate Abilities, Weirdness & Mutations

Your plain brown scales are hard. (AC +5)
You cannot fit into any form of body armour.
You are cold-blooded and may be slowed by cold attacks.


Message History

Huh?
Evoke which item? (* to show all) (? for menu, Esc to quit)
Okay, then.
Aiming: Throw Flame
Press: ? - help, Shift-Dir - straight line Something barely misses you.
Something kicks you.
You hit something. Something hits you. Something kicks you.
You closely miss something. Something hits you.
Something kicks you but does no damage.
You barely miss something. Something hits you. Something kicks you.
Something barely misses you. x2
You barely miss something. Something hits you. Something completely misses you.
You hit something. Something hits you. Something kicks you but does no damage.
You barely miss something. Something hits you but does no damage.
Something kicks you.
* * * LOW HITPOINT WARNING * * *
You feel better. Something barely misses you. Something kicks you.
As you read the scroll labelled BEINUTR TORU, it crumbles to dust.
You hear a loud clanging noise!
It was a scroll of noise.
Something hits you. Something kicks you but does no damage.
Something hits you but does no damage. Something kicks you but does no damage.
Unknown command.
Unknown command.
As you read the scroll labelled TIAD KOCHI, it crumbles to dust.
It is a scroll of identify.
i - a scroll of blinking Something barely misses you.
Something kicks you but does no damage. Something hits you but does no damage.
Something kicks you.
You hear a twanging sound.
An arrow appears from out of thin air!
The arrow completely misses you.
You hear a twanging sound.
An arrow appears from out of thin air!
The arrow hits you!
* * * LOW HITPOINT WARNING * * *
You hear a twanging sound.
An arrow appears from out of thin air!
The arrow hits you.
* * * LOW HITPOINT WARNING * * *
You hear a twanging sound.
An arrow appears from out of thin air!
The arrow hits you!
You die...

..#... #.......#
..##.# #.##.#..#
...... # #.##.#..#
..##.#.# #.##.#..#
..##.#.#######.##(#..#
##.............##.#..#
#.##.#..##.##........#
..##.#..## #{###.####
#.......# #...@.#
†.##.#### #######
#.##.# #.##.. #.#####
..# #.# ..## ....


There were no monsters in sight!

Vanquished Creatures
  A scorpion (D:3)
  A killer bee zombie (D:3)
  3 adders
  2 worms (D:2)
  A dart slug (D:3)
  2 orcs
  3 endoplasms
  6 giant cockroaches
  7 goblins
  9 hobgoblins
  14 jackals
  8 kobolds
  4 quokkas
  4 ball pythons
  5 bats
  5 frilled lizards
  3 rats (D:1)
78 creatures vanquished.

Notes
Turn   | Place    | Note
-------+----------+-------------------------------------------
     0 | D:1      | KristoblXynda the Draconian Artificer began the quest for
                  | the Orb.
     0 | D:1      | Reached XP level 1. HP: 16/16 MP: 1/1
   109 | D:1      | Reached XP level 2. HP: 8/23 MP: 2/2
   131 | D:1      | HP: 1/23 [ball python (3)]
   425 | D:1      | You fall into a shaft and drop 1 floor!
   425 | D:2      | Found Mamn's Weapon Boutique.
   695 | D:1      | Reached XP level 3. HP: 28/29 MP: 3/3
  1498 | D:2      | Found an ancient bone altar of Kikubaaqudgha.
  1545 | D:2      | Reached XP level 4. HP: 37/37 MP: 4/4
  2675 | D:3      | Found a burning altar of Makhleb.
  2841 | D:3      | Found a faded altar of an unknown god.
  2919 | D:3      | Reached skill level 4 in Evocations
  2975 | D:3      | Noticed a scorpion
  2988 | D:3      | Killed a scorpion
  2989 | D:3      | Reached XP level 5. HP: 41/45 MP: 5/5
  3352 | D:3      | Noticed a centaur
  3382 | D:3      | Shot with an arrow by something

Illustrated notes

Levels and vault maps discovered:
D:1:      minmay_arrival_doors, layout_basic
D:2:      layout_basic, serial_shops, shop, basic_altar, minmay_cut_off
D:3:      layout_loops_cross, lightli_temple_of_fire,
          shapermc_ecumenical_altar_totnotflames

Skill      XL: |  1  2  3  4 |
---------------+-------------+-----
Fighting       | 2 3 |  3.5
Dodging        | 3 |  3.5
Evocations     | 4 |  4.3
Stealth        | |  0.8

Action                   |  1- 3 |  4- 6 || total
-------------------------+-------+-------++-------
Melee: Spear             |   142 |       ||   142
       Club              |     8 |       ||     8
       Tailslap          |    20 |    30 ||    50
       Dagger            |    18 |   166 ||   184
       Short sword       |       |    54 ||    54
Evoke: Wand              |     1 |     4 ||     5
       Piece from Xom's  |       |     6 ||     6
  Use: Scroll            |       |     2 ||     2
       Potion            |       |     2 ||     2
 Stab: Sleeping          |     2 |     1 ||     3
Armor: Skin              |    70 |   104 ||   174
Dodge: Dodged            |   135 |   161 ||   296

Table legend: (Time is in decaauts)
 A = Elapsed time spent in this place.
 B = Non-inter-level travel time spent in this place.
 C = Inter-level travel time spent in this place.
 D = Time resting spent in this place.
 E = Time spent auto-exploring this place.
 F = Levels seen in this place.
 G = Mean time per level.
                   A        B        C        D        E       F      G
               +--------+--------+--------+--------+--------+-----+--------+
         Total |   3387 |   3345 |     42 |    781 |   1825 |   3 | 1129.0 |
       Dungeon |   3387 |   3345 |     42 |    781 |   1825 |   3 | 1129.0 |
               +--------+--------+--------+--------+--------+-----+--------+

Top non-repeatable levels by time:
     D:2: 1580 daAuts
     D:1: 966 daAuts
     D:3: 841 daAuts
